 Dungeon Crawl Stone Soup version 0.30-a0-760-g5a9884bb7c (webtiles) character file.

Game seed: 13762991385826991391

2417 Querens the Nimble (level 9, -3/39 HPs)
             Began as a Spriggan Enchanter on Feb 11, 2023.
             Killed from afar by Erica (17 damage)
             ... with a bolt of poison
             ... on level 8 of the Dungeon.
             The game lasted 00:19:23 (4630 turns).

Querens the Nimble (Spriggan Enchanter)             Turns: 4630, Time: 00:19:24

Health: -3/39      AC:  5    Str:  4    XL:     9   Next: 24%
Magic:  18/21      EV: 29    Int: 16    God:
Gold:   164        SH:  5    Dex: 20    Spells: 12/23 levels left

rFire   . . .      SeeInvis +    s - +1 dagger (venom)
rCold   + + .      Faith    .    (no shield)
rNeg    . . .      Spirit   .    f - +2 robe {rC+}
rPois   .          Reflect  +    (helmet restricted)
rElec   .          Harm     .    m - +0 cloak
rCorr   .          Rampage  .    (gloves unavailable)
Will    +....                    (boots unavailable)
Stlth   +++                      w - amulet of reflection
HPRegen 0.26/turn                v - +5 ring of evasion
MPRegen 0.17/turn                o - ring of protection from cold

@: lethally poisoned (-3 -> -18), confusing by touch, very quick
A: very small, no large weapons, unfitting armour, see invisible, speed 3
a: no special abilities


You were on level 8 of the Dungeon.
You visited 2 branches of the dungeon, and saw 9 of its levels.

You collected 402 gold pieces.
You spent 238 gold pieces at shops.

Inventory:

Hand Weapons
 s - a +1 dagger of venom (weapon)
 u - a +1 short sword of holy wrath
Armour
 f - a +2 robe of cold resistance (worn)
 m - a +0 cloak (worn)
Jewellery
 g - a ring of wizardry
 o - a ring of protection from cold (right hand)
 v - a +5 ring of evasion (left hand)
 w - an amulet of reflection (around neck)
Wands
 t - a wand of flame (40)
Scrolls
 d - a scroll of poison {unknown}
 h - 2 scrolls of fear
 j - 2 scrolls of magic mapping
 k - 3 scrolls of immolation
 n - 3 scrolls of teleportation
 x - a scroll of torment {unknown}
 y - 2 scrolls of amnesia {unknown}
Potions
 a - 3 potions of curing
 b - a potion of mutation {unknown}
 c - 4 potions of invisibility
 e - 2 potions of magic
 i - a potion of resistance
 l - a potion of attraction
 p - a potion of ambrosia
 q - 3 potions of haste
 r - 3 potions of heal wounds


   Skills:
 + Level 6.8 Short Blades
 + Level 8.6 Dodging
 - Level 4.4 Stealth
 + Level 7.9 Spellcasting
 + Level 8.3 Hexes


You had 12 spell levels left.
You knew the following spells:

 Your Spells              Type           Power      Damage    Failure   Level
a - Ensorcelled Hibernat  Hex/Ice        38%        N/A       3%          2
b - Confusing Touch       Hex            32%        N/A       1%          3
c - Dazzling Flash        Conj/Hex       38%        N/A       6%          3
d - Tukima's Dance        Hex            32%        N/A       1%          3

Your spell library contained the following spells:

 Spells                   Type           Power      Damage    Failure   Level
 Apportation              Tloc           12%        N/A       12%         1
 Leda's Liquefaction      Hex/Erth       9%         N/A       21%         4
 Ignite Poison            Fire/Tmut/Pois 6%         N/A       34%         3
 Kindle Blastsparks       Fire/Tloc/Air  12%        2d11      34%         3
 Vhi's Electric Charge    Tloc/Air       12%        N/A       34%         3
 Alistair's Intoxication  Tmut/Pois      4%         N/A       97%         5
 Arcjolt                  Conj/Air       3%         1d13      97%         5
 Freezing Cloud           Conj/Ice/Air   3%         6-21      97%         5
 Iskenderun's Battlesphe  Conj           6%         2d6       97%         5
 Lee's Rapid Deconstruct  Erth           3%         3d5*      97%         5
 Iron Shot                Conj/Erth      3%         9d2       100%        6
 Statue Form              Tmut/Erth      4%         N/A       100%        6
 Spellforged Servitor     Conj/Summ      3%         N/A       100%        7
 Maxwell's Capacitive Co  Air            3%         ∞         100%        8


Dungeon Overview and Level Annotations

Branches:
Dungeon (8/15)             Temple (1/1) D:4
   Lair: D:8-11

Altars:
Ashenzari
Cheibriados
Dithmenos
Elyvilon
Fedhas
Gozag
Hepliaklqana
Kikubaaqudgha
Makhleb
Nemelex Xobeh
Okawaru
Qazlal
Ru
Sif Muna
Trog
Uskayaw
Vehumet
Wu Jian
Xom
Yredelemnul
Zin
The Shining One

Shops:
D:5 *

Annotations:
D:6 2 transporters, BRD's ghost, novice DsFi
D:8 Erica


Innate Abilities, Weirdness & Mutations

You are very small and have problems with some larger weapons.
You are too small for most types of armour.
You have supernaturally acute eyesight. (SInv)
You cover ground extremely quickly. (Speed+++)


Message History

You completely miss the orc. You hit the orc.
The orc is poisoned.
The orc is lightly wounded.
The orc completely misses you.
You closely miss the orc.
The orc is heavily wounded.
You kill the orc!
You see here a +1 mace of protection.
Things that are here:
a +0 hand axe; an orc corpse
Found 7 stones.
You see here 7 stones.
Erica the Fiery-Tempered comes into view.
She is wielding a +3 scimitar of flaming and wearing a +2 robe of willpower.
Found a stone staircase leading up.
Found a scroll of identify.
Found a ring mail.
The helpless Erica fails to defend herself.
You spit Erica like a pig!!!
Erica is poisoned.
Erica is severely wounded.
Erica drinks a potion.
Erica suddenly seems more resistant.
Casting: Ensorcelled Hibernation (safe; 3% risk of failure)
Confirm with . or Enter, or press ? or * to list all spells.
Aiming: Ensorcelled Hibernation (safe; 3% risk of failure)
Press: ? - help, Shift-Dir - straight line, f - you
Okay, then.
Casting: Ensorcelled Hibernation (safe; 3% risk of failure)
Confirm with . or Enter, or press ? or * to list all spells.
Your hands begin to glow red.
Erica points at you and mumbles some strange words.
The bolt of poison hits you!!
You are poisoned.
Ouch! That really hurt!
* * * LOW HITPOINT WARNING * * *
* * * LOW HITPOINT WARNING * * *
You feel very sick.
You feel better. Erica casts a spell at you. The bolt of poison hits you!
You are lethally poisoned!
You die...

#.# ###### #.#
########...... >.####
#..........####
.....######.#.........[..
........(...#.###...#.#.#
.#.....###..#.# #........
.###.#.# #..#.###...#....
.# #.#.# #..#.......#....
.# #...###..####@........
.# ##..##...........##..
.# #...?<....@..........
.# ####.............#.##
.# .......##..#..... .#
#####.. #..#..#.. ## .#.
.### .# # # #.#. . .# #
#.


You could see Erica (resistant, very poisoned).

Vanquished Creatures
  4 yaks (D:5)
  A wyvern (D:7)
  A steam dragon (D:7)
  Duvessa (D:7)
  A sky beast (D:6)
  A black bear (D:5)
  An ogre (D:6)
  2 centaurs
  A phantom (D:4)
  2 bullfrogs
  2 scorpions
  Dowan (D:7)
  3 killer bees (D:7)
  A howler monkey (D:7)
  A gnoll bouda (D:7)
  2 hounds
  A jelly (D:5)
  An iguana (D:3)
  Crazy Yiuf (D:3)
  2 orc wizards (D:5)
  Ijyb (D:3)
  7 gnolls
  4 adders
  2 shadow imps
  A white imp (D:5)
  An ufetubus (D:5)
  5 worms
  4 dart slugs
  17 orcs
  6 endoplasms
  9 giant cockroaches
  7 goblins
  10 hobgoblins
  10 jackals
  7 quokkas
  9 ball pythons
  6 bats
  A frilled lizard (D:3)
  7 kobolds
  4 rats
148 creatures vanquished.

Notes
Turn   | Place    | Note
-------+----------+-------------------------------------------
     0 | D:1      | Querens the Spriggan Enchanter began the quest for the Orb.
     0 | D:1      | Reached XP level 1. HP: 9/9 MP: 5/5
   141 | D:1      | Reached XP level 2. HP: 13/13 MP: 6/6
   144 | D:1      | Learned a level 2 spell: Ensorcelled Hibernation
   252 | D:1      | Found a faded altar of an unknown god.
   457 | D:1      | Reached XP level 3. HP: 15/16 MP: 5/8
   982 | D:2      | Learned a level 3 spell: Confusing Touch
   986 | D:2      | Learned a level 3 spell: Dazzling Flash
  1151 | D:3      | Reached XP level 4. HP: 21/21 MP: 8/10
  1526 | D:3      | Reached XP level 5. HP: 14/24 MP: 3/11
  1760 | D:3      | Found a runed translucent door.
  1761 | D:3      | Noticed Crazy Yiuf
  1770 | D:3      | Killed Crazy Yiuf
  1826 | D:3      | Found a blossoming altar of Fedhas.
  2004 | D:3      | Noticed Ijyb
  2015 | D:3      | Killed Ijyb
  2069 | D:3      | Reached skill level 5 in Hexes
  2491 | D:4      | Found a staircase to the Ecumenical Temple.
  2501 | Temple   | Entered the Ecumenical Temple
  2617 | D:4      | Noticed a phantom
  2639 | D:4      | Killed a phantom
  2640 | D:4      | Reached XP level 6. HP: 24/28 MP: 11/13
  2707 | D:4      | Reached skill level 5 in Dodging
  2821 | D:5      | Entered Level 5 of the Dungeon
  2951 | D:5      | Found a hide-covered altar of Uskayaw.
  3057 | D:5      | Found Bugaib's General Store.
  3065 | D:5      | Bought a scroll of identify for 28 gold pieces
  3065 | D:5      | Bought 2 potions of heal wounds for 140 gold pieces
  3065 | D:5      | Bought a scroll of identify for 28 gold pieces
  3065 | D:5      | Bought a scroll of teleportation for 42 gold pieces
  3072 | D:5      | Reached skill level 5 in Spellcasting
  3151 | D:5      | Reached XP level 7. HP: 29/32 MP: 15/15
  3477 | D:5      | Noticed a yak
  3477 | D:5      | Noticed a yak
  3484 | D:5      | Noticed a yak
  3486 | D:5      | Noticed a yak
  3497 | D:5      | Killed a yak
  3506 | D:5      | Killed a yak
  3507 | D:5      | Reached skill level 5 in Short Blades
  3511 | D:5      | Killed a yak
  3512 | D:5      | Reached XP level 8. HP: 33/36 MP: 7/18
  3776 | D:6      | Found a transporter.
  3780 | D:6      | Noticed BRD's ghost (novice DsFi)
  3793 | D:6      | Found a transporter.
  3873 | D:6      | Found an ornate altar of the Wu Jian Council.
  3983 | D:6      | Found a basalt altar of Yredelemnul.
  4010 | D:7      | Learned a level 3 spell: Tukima's Dance
  4044 | D:7      | Noticed Duvessa
  4055 | D:7      | Noticed Dowan
  4077 | D:7      | Reached XP level 9. HP: 28/39 MP: 3/21
  4078 | D:7      | Killed Duvessa
  4084 | D:7      | Killed Dowan
  4602 | D:8      | Noticed Erica
  4630 | D:8      | Killed from afar by Erica

Illustrated notes

Levels and vault maps discovered:
D:1:      erik_arrival_blinker_ship, layout_loops_ring,
          shapermc_ecumenical_altar_pompeii, minivault_25, nicolae_grassy_gnolls
D:2:      layout_basic
D:3:      minmay_thinvault, layout_basic, fedhas_altar_1,
          nicolae_elevator_lobby_plus, uniq_crazy_yiuf_cottage, uniq_ijyb
D:4:      layout_basic, minmay_temple_entry_mini_moons
D:5:      layout_loops_corners, mainiacjoe_overflow_small_starburst,
          serial_shops, nicolae_shop_advertising_works
          [nicolae_subvault_shop_adworks], st_stairs_13, minmay_quadrilaterals
D:6:      layout_rooms, mainiacjoe_overflow_alcove_2, general_overflow_altar,
          gammafunk_ghost_stat_death, corexii_checkpoint_a
D:7:      layout_rooms, uniq_duvessa
D:8:      layout_basic, hellmonk_lair_entry_icy, uniq_prince_ribbit1, uniq_erica
Temple:   regret_index_temple_mists

Skill      XL: |  1  2  3  4  5  6  7  8  9 |
---------------+----------------------------+-----
Dodging        | 3 4 5 6 8 |  8.6
Spellcasting   | 3 4 5 6 7 |  7.9
Hexes          | 4 5 6 7 8 |  8.3
Short Blades   | 2 3 4 5 6 |  6.8
Stealth        | |  4.4

Action                     |  1- 3 |  4- 6 |  7- 9 || total
---------------------------+-------+-------+-------++-------
  Melee: Dagger            |   115 |   155 |   122 ||   392
         Punch             |     2 |     4 |     1 ||     7
   Cast: Ensorcelled Hiber |     2 |    13 |    33 ||    48
         Confusing Touch   |       |     1 |     4 ||     5
    Use: Scroll            |       |       |     9 ||     9
         Potion            |       |       |     1 ||     1
   Stab: Sleeping          |    20 |    28 |    23 ||    71
         Distracted        |     1 |       |       ||     1
         Confused          |       |     1 |     3 ||     4
 Armour: Robe              |    11 |     9 |     6 ||    26
  Dodge: Dodged            |    81 |    73 |    98 ||   252
  Block: Other             |       |     2 |    13 ||    15

Table legend: (Time is in decaauts)
 A = Elapsed time spent in this place.
 B = Non-inter-level travel time spent in this place.
 C = Inter-level travel time spent in this place.
 D = Time resting spent in this place.
 E = Time spent auto-exploring this place.
 F = Levels seen in this place.
 G = Mean time per level.
                   A        B        C        D        E       F      G
               +--------+--------+--------+--------+--------+-----+--------+
         Total |   3023 |   2713 |    310 |      0 |      6 |   9 |  335.9 |
       Dungeon |   2920 |   2622 |    298 |      0 |      0 |   8 |  365.0 |
        Temple |    102 |     90 |     12 |      0 |      6 |   1 |  102.0 |
               +--------+--------+--------+--------+--------+-----+--------+

Top non-repeatable levels by time:
     D:3: 711 daAuts
     D:5: 523 daAuts
     D:1: 368 daAuts
     D:4: 355 daAuts
     D:2: 323 daAuts
     D:7: 303 daAuts
     D:6: 234 daAuts
  Temple: 102 daAuts
     D:8: 99 daAuts
